AoeStats
← Dobby

Arabia

510081006Analyzed
2v2 RM · 3d ago on Sep 29, 2026· 32m 48s· 4 players
Game mode
Random Map
Map size
Medium (4 player)
Population
200
Speed
Normal
Resources
Standard
Victory
Conquest
Starting age
Dark Age
Ending age
Imperial Age
RankedLock teamsTeams togetherTeam positionsShared explorationLock speedFull tech treeHidden civsTurbo modeCheats
Victory
Defeat
🇫🇷 Mongols · France
1408
+14
🇻🇳 Ethiopians · Vietnam
1358
+16
🇮🇳 Aztecs · India
1378
-16
🇮🇳 Franks · India
1346
-14
mryendl2410
6:31 Loom
9:03 Feudal Age
10:20 Double-Bit Axe
11:52 Fletching
16:39 Horse Collar
17:23 Padded Archer Armor
20:16 Gold Mining
24:05 Castle Age
24:12 Crossbowman
24:47 Bodkin Arrow
26:27 Ballistics
27:58 Leather Archer Armor
28:25 Wheelbarrow
28:23 Bow Saw
vaeVictis
4:09 Loom
8:54 Feudal Age
9:47 Double-Bit Axe
13:42 Scale Barding Armor
14:51 Horse Collar
18:59 Wheelbarrow
19:09 Forging
23:43 Castle Age
22:43 Bloodlines
24:33 Husbandry
25:42 Gold Mining
26:36 Chain Barding Armor
31:42 Heavy Plow
Comrades of Kankidiot
5:16 Loom
8:29 Feudal Age
24:06 Castle Age
22:56 Scale Barding Armor
23:02 Forging
23:44 Double-Bit Axe
27:06 Wheelbarrow
28:14 Gold Mining
31:03 Chain Barding Armor
Dobby
6:05 Loom
9:12 Feudal Age
9:53 Double-Bit Axe
14:34 Fletching
17:28 Padded Archer Armor
22:56 Castle Age
20:40 Horse Collar
23:33 Bodkin Arrow
22:59 Crossbowman
24:21 Leather Archer Armor
24:43 Bow Saw
24:56 Ballistics
27:00 Gold Mining
Connection lost

Rejoining the realm…

Still unreachable

The connection could not be restored.

Session expired

The server has moved on; the page needs a fresh start.